 Dungeon Crawl Stone Soup version 0.21-a0-405-gf2af9a1 (webtiles) character file.

140 HAL9000 the Sneak (level 5, -2/26 HPs)
             Began as a Vine Stalker Assassin on Nov 1, 2017.
             Slain by an orc priest
             ... wielding a +0 flail
              (9 damage)
             ... on level 3 of the Dungeon.
             The game lasted 00:04:54 (2242 turns).

HAL9000 the Sneak (Vine Stalker Assassin)           Turns: 2242, Time: 00:04:55

Health: -2/26      AC:  3    Str: 14    XL:     5   Next: 23%
Magic:  0/6        EV: 11    Int: 11    God:
Gold:   152        SH:  0    Dex: 16    Spells: 4/4 levels left

rFire    . . .     SeeInvis +   a - +2 dagger
rCold    . . .     Gourm    .   (no shield)
rNeg     . . .     Faith    .   c - +0 robe
rPois    .         Spirit   +   (no helmet)
rElec    .         Reflect  .   d - +0 cloak
rCorr    .         Harm     .   (no gloves)
MR       .....                  (no boots)
Stlth    +++.......             (no amulet)
HPRegen  0.48/turn              n - ring of see invisible
MPRegen  0.10/turn              (no ring)

@: no status effects
A: fangs 2, regeneration 1, magic shield, antimagic bite, no potion heal 3, rot
immunity
a: no special abilities


You were on level 3 of the Dungeon.
You were not hungry.

You visited 1 branch of the dungeon, and saw 3 of its levels.

You collected 152 gold pieces.

Inventory:

Hand Weapons
 a - a +2 dagger (weapon)
 b - a +0 blowgun
Missiles
 e - 8 poisoned needles
 f - 8 curare-tipped needles
Armour
 c - a +0 robe (worn)
 d - a +0 cloak (worn)
Jewellery
 n - a ring of see invisible (left hand)
Wands
 t - a wand of lightning (3/15)
Scrolls
 j - 4 scrolls of identify {unknown}
 k - a scroll of magic mapping {unknown}
 o - a scroll of noise {unknown}
 r - a scroll of immolation {unknown}
 s - a scroll of teleportation {unknown}
Potions
 l - a potion of mutation {unknown}
 m - a potion of brilliance {unknown}
 q - a potion of degeneration {unknown}
Comestibles
 g - 5 bread rations
 i - 2 meat rations
 p - a chunk of flesh


   Skills:
 - Level 1.7 Fighting
 + Level 4.8 Short Blades
 - Level 1.7 Throwing
 - Level 0.7 Dodging
 - Level 4.8 Stealth


You had 4 spell levels left.
You didn't know any spells.

Dungeon Overview and Level Annotations

Branches:
Dungeon (3/15)

Altars:
Cheibriados
Nemelex Xobeh


Innate Abilities, Weirdness & Mutations

You have extremely sharp teeth.
Your natural rate of healing is unusually fast.
When hurt, damage is shared between your health and your magic reserves.
Your bite disrupts and absorbs the magic of your enemies.
Potions cannot restore your health.
You are immune to rotting.


Message History

The orc shouts!
You hit the orc priest but do no damage.
The orc priest hits you but does no damage.
The orc shouts!
You hit the orc priest but do no damage.
You bite the orc priest, but do no damage.
You barely miss the orc priest. The orc priest hits you with a flail.
A frilled lizard comes into view.
You hit the orc priest.
You bite the orc priest, but do no damage.
The orc priest is lightly wounded.
The orc priest hits you with a flail.
* * * LOW HITPOINT WARNING * * *
The frilled lizard moves out of view.
You barely miss the orc priest.
The orc priest is lightly wounded.
You hit the orc priest but do no damage.
The orc priest is lightly wounded.
The orc priest hits you with a flail!
You die...

#.#.##...##
.########.###
#.#.# #.##
#.# #.# # #.#
#.# #.. #.#
#.# #.# #.#
#.#
#.###.##.#
#.# #.##....#
..# #.......#
###
####....##
##.##@#
#.###o# #.#


#oo #.. ..# #.. ## #.. #. You could see an orc priest and 2 orcs.

Vanquished Creatures
  A bullfrog zombie (D:3)
  Terence (D:2)
  An adder (D:3)
  2 worms
  2 dart slugs
  2 orcs (D:3)
  2 giant cockroaches (D:1)
  8 goblins
  10 hobgoblins
  2 jackals (D:2)
  8 kobolds (D:1)
  A quokka (D:2)
  A ball python (D:1)
  5 bats
  7 frilled lizards
  9 rats
62 creatures vanquished.

Notes
Turn   | Place    | Note
-------+----------+-------------------------------------------
     0 | D:1      | HAL9000 the Vine Stalker Assassin began the quest for the Orb.
     0 | D:1      | Reached XP level 1. HP: 11/11 MP: 2/2
    86 | D:1      | Reached XP level 2. HP: 15/15 MP: 3/3
   516 | D:1      | Reached XP level 3. HP: 6/18 MP: 4/4
  1126 | D:2      | Found a faded altar of an unknown god.
  1370 | D:2      | Noticed Terence
  1386 | D:2      | Killed Terence
  1386 | D:2      | Gained mutation: Your natural rate of healing is unusually fast. [Vine Stalker growth]
  1386 | D:2      | Reached XP level 4. HP: 12/23 MP: 2/5
  1639 | D:2      | Found a snail-covered altar of Cheibriados.
  1639 | D:2      | Found a sparkling altar of Nemelex Xobeh.
  1961 | D:3      | Reached XP level 5. HP: 21/26 MP: 6/6
  2242 | D:3      | Slain by an orc priest

Vault maps used:
D:1:      lightli_arrival_noodles, grunt_decor_one_mirror, minmay_domino_2
D:2:      gammafunk_temple_overflow_wave, first_bread,
          chequers_ecumenical_altar_simple, kennysheep_cluttered_room,
          nrook_mini_backslash, fountainhead, kennysheep_generic_room_2,
          uniq_terence

Skill      XL: |  1  2  3 |
---------------+----------+-----
Short Blades   | 2 3 4 |  4.8
Fighting       | |  1.7
Throwing       | |  1.7
Dodging        | |  0.7
Stealth        | |  4.8

Action                   |  1- 3 |  4- 6 || total
-------------------------+-------+-------++-------
Melee: Dagger            |   106 |    80 ||   186
       Bite              |    15 |    30 ||    45
 Fire: Blowgun           |     2 |       ||     2
 Stab: Sleeping          |    13 |     4 ||    17
  Eat: Chunk             |     1 |     3 ||     4
Armor: Robe              |    20 |     7 ||    27
Dodge: Dodged            |    47 |    31 ||    78

Table legend:
 A = Spawn XP
 B = Non-spawn XP
 C = Spawn XP percentage of total XP
 D = Spawn monster count
 E = Non-spawn monster count
 F = Spawn count percentage of total count
 G = Total turns spent on level
                    A         B        C        D         E        F      G
               +---------+---------+-------+---------+---------+-------+---------
         Total |       0 |     201 |   0.0 |       0 |      62 |   0.0 |  2242
               +---------+---------+-------+---------+---------+-------+---------
           D:1 |       0 |      53 |   0.0 |       0 |      34 |   0.0 |  1006
           D:2 |       0 |      64 |   0.0 |       0 |      15 |   0.0 |   862
           D:3 |       0 |      84 |   0.0 |       0 |      13 |   0.0 |   374
               +---------+---------+-------+---------+---------+-------+---------
